 Dungeon Crawl Stone Soup version 0.27-a0-394-g49c82dfaf2 (webtiles) character file.

Game seed: 4789240998254350645

678 Anon1729 the Chiller (level 7, 0/50 HPs)
             Began as a Ghoul Ice Elementalist on Feb 20, 2021.
             Was an Initiate of Ru.
             Killed by divine providence
             ... invoked by an orc priest
              (10 damage)
             ... on level 6 of the Dungeon.
             The game lasted 00:06:02 (4497 turns).

Anon1729 the Chiller (Ghoul Ice Elementalist)       Turns: 4497, Time: 00:06:02

Health: 0/50       AC:  3    Str: 12    XL:     7   Next: 60%
Magic:  12/12      EV: 12    Int: 12    God:    Ru [......]
Gold:   227        SH:  0    Dex:  9    Spells: 13/14 levels left

rFire    . . .     SeeInvis .   b - +1 dagger (elec)
rCold    + . .     Faith    .   (no shield)
rNeg     + + +     Spirit   .   a - +0 robe
rPois    ∞         Reflect  .   k - +0 helmet
rElec    .         Harm     .   (no cloak)
rCorr    .         Rampage  .   (no gloves)
Will     +....                  (no boots)
Stlth    ++........             (no amulet)
HPRegen  0.00/turn              j - ring of willpower
MPRegen  0.13/turn              (no ring)

@: no status effects
A: claws 1, cold resistance 1, negative energy resistance 3, inhibited
regeneration, torment resistance, unbreathing
a: Renounce Religion


You were on level 6 of the Dungeon.
You worshipped Ru.
Ru was noncommittal.
You visited 1 branch of the dungeon, and saw 6 of its levels.

You collected 227 gold pieces.

Inventory:

Hand Weapons
 b - a +1 dagger of electrocution (weapon)
 r - a +2 flail of protection
 x - a +2 dagger of draining
Armour
 a - a +0 robe (worn)
 k - a +0 helmet (worn)
Jewellery
 j - a ring of willpower (left claw)
 l - a ring of flight
 v - a ring of fire
Wands
 u - a wand of charming (11)
Scrolls
 d - 2 scrolls of identify {unknown}
 h - a scroll of enchant weapon {unknown}
 i - a scroll of blinking {unknown}
 m - 3 scrolls of teleportation {unknown}
 o - a scroll of immolation {unknown}
 p - a scroll of fear {unknown}
 q - 2 scrolls of enchant armour {unknown}
 w - a scroll of random uselessness {unknown}
Potions
 c - 2 potions of flight {unknown}
 e - a potion of attraction {unknown}
 f - 2 potions of berserk rage {unknown}
 g - a potion of brilliance {unknown}
 n - a potion of might {unknown}
 s - a potion of lignification {unknown}
 t - 3 potions of degeneration {unknown}
 z - 2 potions of curing {unknown}
 A - a potion of magic {unknown}


   Skills:
 + Level 3.7 Short Blades
 - Level 2.0 Dodging
 - Level 2.1 Stealth
 + Level 4.2 Spellcasting
 + Level 6.8 Ice Magic


You had 13 spell levels left.
You knew the following spells:

 Your Spells              Type           Power        Failure   Level
a - Freeze                Ice            76%          1%          1

Your spell library contained the following spells:

 Spells                   Type           Power        Failure   Level
 Frozen Ramparts          Ice            38%          3%          3
 Ozocubu's Armour         Ice            19%          3%          3
 Hailstorm                Conj/Ice       10%          45%         4
 Summon Ice Beast         Ice/Summ       10%          45%         4
 Beastly Appendage        Tmut           Unusable     N/A         1
 Wereblood                Tmut           Unusable     N/A         2
 Ice Form                 Ice/Tmut       Unusable     N/A         4
 Spider Form              Tmut/Pois      Unusable     N/A         3
 Blade Hands              Tmut           Unusable     N/A         5

Dungeon Overview and Level Annotations

Branches:
Dungeon (6/15)
 Temple: D:4-7

Altars:
Ru


Innate Abilities, Weirdness & Mutations

You thrive by killing the living.
You are immune to poison.
You have sharp fingernails.
Your flesh is cold resistant. (rC+)
You are immune to negative energy. (rN+++)
You do not regenerate when monsters are visible.
You are immune to unholy pain and torment.
You can survive without breathing.


Message History

You hit the worm. Lightning courses through the worm!
You kill the worm!
You feel better.
No target in view!
No target in view!
Found 16 stones.
An orc comes into view. It is wielding a +0 falchion.
The orc shouts!
You hear a shout!
An orc is nearby!
An orc is nearby!
An orc is nearby!
An orc priest comes into view. It is wielding a +0 falchion.
The orc priest shouts!
The orc hits you with a +0 falchion.
An orc comes into view.
An orc warrior comes into view. It is wielding a +0 glaive.
You hit the orc.
The orc is heavily wounded.
The orc barely misses you.
The orc priest casts a cantrip, but nothing happens.
You completely miss the orc.
The orc is heavily wounded.
The orc hits you with a +0 falchion.
An orc priest comes into view.
You barely miss the orc.
The orc is heavily wounded.
The orc priest invokes the aid of Beogh against you.
Beogh smites you! The orc barely misses you.
You hit the orc. Lightning courses through the orc!
You kill the orc!
You feel better.
The orc warrior hits you from afar with a +0 glaive!
You see here a +0 falchion.
You are too injured to fight recklessly!
The orc priest invokes the aid of Beogh against you.
Beogh smites you!
* * * LOW HITPOINT WARNING * * *
The orc priest calls down the wrath of Beogh upon you.
Beogh smites you!
You die...

#..>.##.....####.....#
#...###...............
##...###..####.........
.....##..## #.........
..##.(..## ##.........
.# ##...#####..........
##..##.............
#.....##..###..#..
##@######.## #..#..
##.## #.# ##..#. #o.#
#. #..## #..o...# #.
##.#. #.o####.. # #..#
## ##.# #### #


You could see an orc warrior, an orc priest and an orc.

Vanquished Creatures
  2 ogres
  A phantom (D:6)
  A scorpion (D:4)
  A howler monkey (D:3)
  A hound (D:6)
  2 orc priests (D:4)
  2 centaur skeletons
  An orc wizard (D:4)
  Robin (D:1)
  6 adders
  An ooze (D:4)
  2 worms
  4 leopard geckos
  10 orcs
  A giant cockroach (D:2)
  9 hobgoblins
  4 jackals (D:3)
  13 kobolds
  3 bats
  3 frilled lizards
  25 goblins
  5 rats
98 creatures vanquished.

Vanquished Creatures (others)
  A fungus (D:3)
  6 plants (D:3)
7 creatures vanquished.

Grand Total: 105 creatures vanquished

Notes
Turn   | Place    | Note
-------+----------+-------------------------------------------
     0 | D:1      | Anon1729 the Ghoul Ice Elementalist began the quest for the
                  | Orb.
     0 | D:1      | Reached XP level 1. HP: 14/14 MP: 2/2
    56 | D:1      | Reached XP level 2. HP: 9/20 MP: 0/4
   688 | D:1      | You fall into a shaft and drop 1 floor!
   703 | D:2      | Reached XP level 3. HP: 26/26 MP: 5/5
   776 | D:2      | Reached skill level 5 in Ice Magic
  1459 | D:2      | Noticed Robin
  1463 | D:2      | Reached XP level 4. HP: 25/33 MP: 4/6
  1474 | D:1      | Reached skill level 1 in Short Blades
  1607 | D:1      | Killed Robin
  2044 | D:3      | Reached XP level 5. HP: 25/38 MP: 8/8
  2447 | D:3      | Found a sacrificial altar of Ru.
  2689 | D:3      | Became a worshipper of Ru the Awakened
  2761 | D:4      | Reached XP level 6. HP: 28/45 MP: 9/9
  2988 | D:5      | Entered Level 5 of the Dungeon
  3432 | D:4      | Reached skill level 6 in Ice Magic
  3812 | D:4      | Reached XP level 7. HP: 50/50 MP: 11/11
  4497 | D:6      | Killed from afar by an orc priest

Illustrated notes

Levels and vault maps discovered:
D:1:      eino_arrival_water_star, layout_basic
D:2:      layout_basic, minmay_tall_x, uniq_robin
D:3:      layout_rooms, nicolae_ru_the_path_less_chosen
D:4:      layout_rooms, minmay_ogre_servants
D:5:      minmay_octagon_keep, layout_basic
D:6:      layout_layer_cave, lemuel_blue_sif_altar,
          minmay_temple_entry_nine_rooms, minmay_misc_feat_diagonals

Skill      XL: |  1  2  3  4  5  6  7 |
---------------+----------------------+-----
Dodging        | 2 |  2.0
Spellcasting   | 2 3 4 |  4.2
Ice Magic      | 5 6 |  6.8
Short Blades   | 1 2 3 |  3.7
Stealth        | |  2.1

Action                   |  1- 3 |  4- 6 |  7- 9 || total
-------------------------+-------+-------+-------++-------
Melee: Unarmed           |     9 |       |       ||     9
       Dagger            |    58 |   169 |    56 ||   283
 Cast: Freeze            |    12 |    20 |       ||    32
 Stab: Sleeping          |     2 |     4 |       ||     6
Armor: Robe              |     7 |    44 |     9 ||    60
Dodge: Dodged            |    48 |   118 |    32 ||   198

Table legend: (Time is in decaauts)
 A = Elapsed time spent in this place.
 B = Non-inter-level travel time spent in this place.
 C = Inter-level travel time spent in this place.
 D = Time resting spent in this place.
 E = Time spent auto-exploring this place.
 F = Levels seen in this place.
 G = Mean time per level.
                   A        B        C        D        E       F      G
               +--------+--------+--------+--------+--------+-----+--------+
         Total |   4473 |   4334 |    139 |    748 |   2927 |   6 |  745.5 |
       Dungeon |   4473 |   4334 |    139 |    748 |   2927 |   6 |  745.5 |
               +--------+--------+--------+--------+--------+-----+--------+

Top non-repeatable levels by time:
     D:3: 1114 daAuts
     D:4: 973 daAuts
     D:1: 893 daAuts
     D:2: 883 daAuts
     D:6: 332 daAuts
     D:5: 276 daAuts
